AoeStats
← 白馬义从

Arena

509904630Analyzed
4v4 RM · 4d ago on Sep 28, 2026· 52m 40s· 8 players
Game mode
Random Map
Map size
Large (8 player)
Population
200
Speed
Normal
Resources
Standard
Victory
Conquest
Starting age
Dark Age
Ending age
Imperial Age
RankedLock teamsTeams togetherTeam positionsShared explorationLock speedFull tech treeHidden civsTurbo modeCheats
Victory
Defeat
🇸🇰 Britons · Slovakia
841
+20
🇺🇸 Turks · United States
818
+16
🇫🇷 Burgundians · France
798
+17
🇬🇧 Varangians · United Kingdom
754
+18
🇦🇷 Franks · Argentina
890
-20
🇦🇷 Franks · Argentina
848
-18
🇨🇱 Portuguese · Chile
781
-15
🇨🇳 Varangians · China
730
-13
MousePuddles
12:47 Feudal Age
13:38 Double-Bit Axe
13:44 Gold Mining
21:03 Castle Age
22:41 Caravan
28:49 Imperial Age
34:54 Padded Archer Armor
dominko
10:33 Feudal Age
11:47 Loom
15:13 Castle Age
13:47 Double-Bit Axe
15:35 Horse Collar
17:55 Fletching
18:09 Padded Archer Armor
18:27 Gold Mining
18:29 Stone Mining
23:44 Wheelbarrow
24:53 Crossbowman
27:31 Ballistics
27:06 Bodkin Arrow
27:27 Leather Archer Armor
32:36 Imperial Age
30:36 Caravan
31:03 Bow Saw
31:02 Heavy Plow
31:39 Gold Shaft Mining
30:59 Town Watch
31:43 Hand Cart
32:53 Town Patrol
34:54 Chemistry
33:15 Arbalester
33:59 Bracer
34:54 Ring Archer Armor
36:38 Yeomen
39:58 Pikeman
40:39 Squires
40:25 Arson
40:49 Scale Mail Armor
41:00 Forging
41:06 Halberdier
43:30 Warwolf
43:52 Conscription
46:55 Fortified Wall
46:41 Murder Holes
YasD_001
0:31 Loom
11:41 Feudal Age
12:58 Horse Collar
22:59 Castle Age
21:43 Double-Bit Axe
23:24 Bloodlines
23:06 Light Cavalry
23:47 Husbandry
25:18 Scale Barding Armor
26:03 Forging
27:51 Wheelbarrow
29:14 Bow Saw
30:29 Town Watch
30:50 Heavy Plow
32:05 Hand Cart
33:59 Fortified Wall
34:00 Masonry
35:28 Gold Mining
35:29 Stone Mining
36:19 Arson
36:36 Squires
36:21 Gambesons
41:12 Imperial Age
39:40 Caravan
39:47 Scale Mail Armor
40:23 Iron Casting
40:09 Chain Barding Armor
42:02 Chain Mail Armor
42:44 Murder Holes
43:19 Architecture
42:30 Treadmill Crane
43:11 Ballistics
42:57 Siege Engineers
44:33 Blast Furnace
43:04 Elite Varangian Guard
44:57 Stone Shaft Mining
45:00 Gothikon
46:01 Conscription
45:03 Vendel Legacy
46:52 Town Patrol
47:42 Plate Mail Armor
47:48 Plate Barding Armor
48:27 Elite Jarl
Chalumnor
2:03 Loom
5:05 Double-Bit Axe
11:15 Feudal Age
11:13 Horse Collar
18:31 Castle Age
17:11 Stone Mining
20:30 Stone Shaft Mining
20:04 Gold Mining
21:19 Bow Saw
22:26 Wheelbarrow
21:37 Town Watch
22:35 Fletching
22:55 Forging
22:51 Scale Barding Armor
23:00 Caravan
24:27 Gold Shaft Mining
34:20 Imperial Age
33:54 Iron Casting
33:15 Bodkin Arrow
34:23 Ballistics
33:44 Treadmill Crane
33:59 Murder Holes
34:53 Hand Cart
35:41 Conscription
36:45 Two-Man Saw
38:32 Blast Furnace
37:33 Bracer
41:17 Chemistry
42:46 Burgundian Vineyards
42:03 Elite Coustillier
43:21 Guilds
43:57 Hoardings
48:37 Heavy Plow
48:42 Padded Archer Armor
PREDA_JUANK
0:36 Loom
13:15 Feudal Age
18:39 Castle Age
19:52 Double-Bit Axe
26:14 Fletching
28:16 Ballistics
28:42 Wheelbarrow
29:03 Bodkin Arrow
31:07 Bow Saw
32:58 Gold Mining
33:28 Treadmill Crane
36:31 Imperial Age
36:40 Padded Archer Armor
37:59 Husbandry
38:48 Onager
42:58 Chemistry
43:25 Elite Organ Gun
52:43 Arquebus
伐木王
0:39 Loom
11:05 Feudal Age
13:43 Double-Bit Axe
13:42 Horse Collar
18:37 Castle Age
17:40 Stone Mining
20:48 Stone Shaft Mining
25:40 Gold Mining
31:42 Scale Barding Armor
31:47 Forging
33:15 Fortified Wall
PAVE
12:48 Feudal Age
18:44 Castle Age
16:46 Double-Bit Axe
17:36 Gold Mining
24:31 Loom
26:13 Wheelbarrow
29:25 Imperial Age
27:22 Bow Saw
29:12 Light Cavalry
29:54 Husbandry
30:31 Forging
29:44 Cavalier
30:30 Scale Barding Armor
31:21 Conscription
31:00 Gold Mining
31:02 Stone Mining
31:31 Hand Cart
31:56 Town Watch
32:05 Paladin
33:45 Gold Shaft Mining
33:34 Town Patrol
35:02 Iron Casting
34:54 Chain Barding Armor
35:16 Chivalry
37:18 Blast Furnace
37:17 Plate Barding Armor
37:50 Scale Mail Armor
39:14 Treadmill Crane
39:50 Masonry
39:45 Siege Engineers
41:23 Fortified Wall
41:45 Architecture
41:20 Padded Archer Armor
50:27 Leather Archer Armor
白馬义从
0:46 Loom
10:32 Feudal Age
12:08 Double-Bit Axe
19:30 Castle Age
19:49 Castle Age
17:55 Stone Mining
18:02 Gold Mining
20:48 Bow Saw
21:25 Scale Barding Armor
22:09 Gold Shaft Mining
24:02 Town Watch
25:42 Wheelbarrow
27:10 Hand Cart
28:15 Forging
33:23 Imperial Age
32:06 Husbandry
32:45 Iron Casting
35:19 Chemistry
34:00 Treadmill Crane
34:06 Cavalier
35:11 Town Patrol
38:01 Hoardings
44:25 Conscription
43:28 Paladin
47:14 Capped Ram
48:20 Masonry
49:14 Blast Furnace
48:15 Padded Archer Armor
47:39 Elite Skirmisher
49:00 Heavy Scorpion
Connection lost

Rejoining the realm…

Still unreachable

The connection could not be restored.

Session expired

The server has moved on; the page needs a fresh start.